 Dungeon Crawl Stone Soup version 0.25-a0-667-gb977e01cb5 (webtiles) character file.

Game seed: 12096466873544820180, levelgen mode: deterministic

3433 kae the Destroyer (level 10, 0/50 HPs)
             Began as a Tengu Air Elementalist on Mar 27, 2020.
             Was an Initiate of Vehumet.
             Slain by Erica
             ... wielding a +4 scimitar of flaming
              (8 damage)
             ... on level 8 of the Dungeon.
             The game lasted 00:12:06 (9766 turns).

kae the Destroyer (Tengu Air Elementalist)          Turns: 9766, Time: 00:12:06

Health: 0/50       AC:  3    Str:  8    XL:     10   Next: 5%
Magic:  0/21       EV: 15    Int: 20    God:    Vehumet [......]
Gold:   218        SH:  0    Dex: 14    Spells: 14/22 levels left

rFire    . . .     SeeInvis .   a - staff of conjuration
rCold    . . .     Gourm    .   (no shield)
rNeg     + . .     Faith    .   B - +1 robe {rN+}
rPois    .         Spirit   +   (helmet restricted)
rElec    .         Reflect  .   (no cloak)
rCorr    +         Harm     .   (no gloves)
MR       .....                  (boots unavailable)
Stlth    ++........             g - amulet of guardian spirit
HPRegen  0.16/turn              x - ring of resist corrosion
MPRegen  0.17/turn              (no ring)

@: flying quickly and evasively, quick
A: beak, talons 3, able to fly
a: Stop Flying, Renounce Religion


You were on level 8 of the Dungeon.
You worshipped Vehumet.
Vehumet was noncommittal.
You were not hungry.

You visited 2 branches of the dungeon, and saw 9 of its levels.

You collected 426 gold pieces.
You spent 208 gold pieces at shops.

Inventory:

Hand Weapons
 A - a +2 mace of protection
Armour
 B - a +1 robe of positive energy (worn)
Magical Staves
 a - an uncursed staff of conjuration (weapon)
Jewellery
 g - an amulet of guardian spirit (around neck)
 x - a ring of resist corrosion (left hand)
 E - an uncursed ring of poison resistance {unknown}
Wands
 n - a wand of scattershot (4)
 o - a wand of flame (51)
 y - a wand of random effects (35)
 z - a wand of clouds (7)
Scrolls
 e - a scroll of amnesia
 f - 4 scrolls of blinking
 k - 3 scrolls of remove curse
 l - 3 scrolls of enchant armour
 p - a scroll of fog
 r - 2 scrolls of magic mapping
 u - 2 scrolls of teleportation
 v - 3 scrolls of identify
 D - a scroll of enchant weapon
Potions
 b - 4 potions of lignification
 d - 6 potions of heal wounds
 h - 3 potions of stabbing
 i - 3 potions of resistance
 j - 2 potions of curing
 m - 3 potions of haste {unknown}
 q - a potion of mutation
 s - a potion of might {unknown}
 t - a potion of cancellation
Comestibles
 c - 17 rations


   Skills:
 - Level 2.1 Dodging
 - Level 2.0 Stealth
 + Level 6.7 Spellcasting
 * Level 12.5 Conjurations
 + Level 9.9 Air Magic


You had 14 spell levels left.
You knew the following spells:

 Your Spells              Type           Power        Failure   Level  Hunger
a - Shock                 Conj/Air       ####         1%          1    None
b - Static Discharge      Conj/Air       ######..     1%          3    #......
c - Airstrike             Air            #####.....   1%          4    ###....

Your spell library contained the following spells:

 Spells                   Type           Power        Failure   Level  Hunger
 Swiftness                Chrm/Air       ####....     1%          2    None
 Lightning Bolt           Conj/Air       ######....   2%          5    #####..
 Beastly Appendage        Tmut           #.....       10%         1    None
 Sticks to Snakes         Tmut           #.......     14%         2    None
 Spider Form              Tmut/Pois      #.........   28%         3    #......
 Ice Form                 Ice/Tmut       #.......     67%         4    ###....
 Blade Hands              Tmut           #.........   95%         5    #####..


Dungeon Overview and Level Annotations

Branches:
Dungeon (8/15)             Temple (1/1) D:6
   Lair: D:8-11

Altars:
Ashenzari
Cheibriados
Dithmenos
Elyvilon
Fedhas
Gozag
Hepliaklqana
Kikubaaqudgha
Makhleb
Nemelex Xobeh
Okawaru
Qazlal
Ru
Sif Muna
Trog
Uskayaw
Vehumet
Wu Jian
Xom
Yredelemnul
Zin
The Shining One

Shops:
D:5 !

Annotations:
D:6 2 runed translucent doors, Error4North's ghost, novice HOFi
D:8 exclusion: ogre, Erica


Innate Abilities, Weirdness & Mutations

You have a beak for a mouth.
You have claws for feet.
You can fly continuously.


Message History

Confirm with . or Enter, or press ? or * to list all spells.
You feel a surge of power!
The air crackles with electrical energy.
Erica barely misses you.
Casting: Static Discharge (safe; 1% risk of failure)
Confirm with . or Enter, or press ? or * to list all spells.
You feel a surge of power!
The air crackles with electrical energy.
Erica hits you with a +4 scimitar of flaming!
Erica burns you.
Erica hits you with a +4 scimitar of flaming!
Erica burns you.
Casting: Static Discharge (safe; 1% risk of failure)
Confirm with . or Enter, or press ? or * to list all spells.
You feel a surge of power!
The air crackles with electrical energy.
Erica hits you with a +4 scimitar of flaming!!
* * * LOW HITPOINT WARNING * * *
Erica burns you!
You die...

.........# #.#
.#######.## ##.#
##.###.#######
##........... ####
##.#.####### .@.#
####.###.## ##.#
#...## ##.#
#.#######.##.###.##
#....@.@..###.#@##
########### ##@##
#.# #.# #.########
#........#
########.# ###
#########.# ...
..........#


You could see Erica.

Vanquished Creatures
  Psyche (D:8)
  Grinder (D:5)
  Edmund (D:4)
  4 sky beasts
  2 ice beasts (D:7)
  2 ogres
  A centaur (D:5)
  2 big kobolds
  Blork the orc (D:5)
  8 bullfrogs
  A gnoll sergeant (D:7)
  4 scorpions
  A howler monkey (D:4)
  5 wights (D:6)
  3 hounds (D:6)
  A jelly (D:8)
  A gnoll shaman (D:8)
  Jessica (D:3)
  3 worker ants
  Ijyb (D:5)
  4 iguanas
  An orc wizard (D:4)
  Terence (D:3)
  A hound skeleton (D:4)
  Robin (D:3)
  14 gnolls
  8 adders
  5 oozes
  An adder skeleton (D:5)
  A worm (D:2)
  2 dart slugs (D:1)
  7 leopard geckos
  12 orcs
  A ball python (D:1)
  2 giant cockroaches
  14 goblins
  10 hobgoblins
  6 jackals
  20 kobolds
  2 quokkas
  4 bats
  2 frilled lizards
  A leopard gecko zombie (D:7)
  3 rats (D:1)
167 creatures vanquished.

Notes
Turn   | Place    | Note
-------+----------+-------------------------------------------
     0 | D:1      | kae the Tengu Air Elementalist began the quest for the Orb.
     0 | D:1      | Reached XP level 1. HP: 10/10 MP: 4/4
     3 | D:1      | Noticed an electric eel
     3 | D:1      | Noticed an electric eel
    88 | D:1      | Reached skill level 2 in Conjurations
   108 | D:1      | Reached XP level 2. HP: 15/15 MP: 4/6
   355 | D:1      | Reached XP level 3. HP: 19/19 MP: 5/7
   397 | D:1      | Reached skill level 3 in Conjurations
  1397 | D:2      | Reached XP level 4. HP: 24/24 MP: 1/8
  1611 | D:2      | Found a stormy altar of Qazlal.
  1867 | D:3      | Learned a level 3 spell: Static Discharge
  1872 | D:3      | Learned a level 4 spell: Airstrike
  1892 | D:3      | Noticed Jessica
  1898 | D:3      | Killed Jessica
  1898 | D:3      | Reached skill level 4 in Conjurations
  2334 | D:3      | Noticed Robin
  2334 | D:3      | Noticed Terence
  2342 | D:3      | Reached skill level 5 in Air Magic
  2343 | D:3      | Gained mutation: You can fly continuously. [Tengu growth]
  2343 | D:3      | Reached XP level 5. HP: 28/28 MP: 10/10
  2347 | D:3      | Killed Robin
  2370 | D:3      | Killed Terence
  2852 | D:3      | Found a faded altar of an unknown god.
  3064 | D:4      | Reached skill level 5 in Conjurations
  3213 | D:4      | Noticed Edmund
  3451 | D:4      | Reached XP level 6. HP: 28/32 MP: 8/11
  3624 | D:4      | Killed Edmund
  3624 | D:4      | Reached skill level 6 in Conjurations
  4240 | D:4      | Reached XP level 7. HP: 15/36 MP: 10/13
  4421 | D:5      | Entered Level 5 of the Dungeon
  4480 | D:5      | Found Vashruus's Distillery.
  4487 | D:5      | Bought a potion of lignification for 39 gold pieces
  4487 | D:5      | Bought a potion of mutation for 104 gold pieces
  4487 | D:5      | Bought a potion of heal wounds for 65 gold pieces
  4828 | D:5      | Noticed Blork the orc
  4998 | D:5      | Reached skill level 7 in Conjurations
  5275 | D:5      | Noticed Ijyb
  5280 | D:5      | Killed Ijyb
  5434 | D:5      | Noticed Grinder
  5460 | D:5      | Killed Grinder
  5460 | D:5      | Reached skill level 8 in Conjurations
  5581 | D:5      | Killed Blork the orc
  5581 | D:5      | Reached XP level 8. HP: 28/41 MP: 10/15
  6337 | D:6      | Reached skill level 9 in Conjurations
  6527 | D:6      | Found a staircase to the Ecumenical Temple.
  6561 | Temple   | Entered the Ecumenical Temple
  6781 | D:6      | Found a hazy altar of Hepliaklqana.
  6785 | D:6      | Reached skill level 5 in Spellcasting
  7203 | D:6      | Found a large runed translucent door.
  7203 | D:6      | Found a large runed translucent door.
  7205 | D:6      | Noticed Error4North's ghost (novice HOFi)
  7278 | D:6      | Reached skill level 10 in Conjurations
  7430 | D:7      | Reached XP level 9. HP: 27/45 MP: 11/18
  7718 | D:7      | Found a shimmering altar of Xom.
  7759 | D:7      | Found a basalt altar of Yredelemnul.
  8033 | D:7      | Found a sparkling altar of Nemelex Xobeh.
  8091 | D:7      | Reached skill level 11 in Conjurations
  8316 | D:7      | Found a radiant altar of Vehumet.
  8330 | D:7      | Became a worshipper of Vehumet
  8527 | D:8      | Identified a scroll of acquirement
  8979 | D:8      | Noticed Erica
  9357 | D:8      | Noticed Psyche
  9361 | D:8      | Killed Psyche
  9361 | D:8      | Reached skill level 12 in Conjurations
  9430 | D:8      | Reached XP level 10. HP: 50/50 MP: 11/20
  9729 | D:8      | Noticed a two-headed ogre
  9766 | D:8      | Slain by Erica

Levels and vault maps discovered:
D:1:      arrival_aquarium_b, layout_basic, minmay_crystal_water
D:2:      layout_loops_ring, nicolae_overflow_crystal_walls, first_ration
D:3:      layout_basic, chequers_ecumenical_altar_twisty, uniq_robin,
          uniq_jessica, uniq_terence
D:4:      cheibrodos_old_hovel, layout_basic, uniq_edmund
D:5:      layout_loops_corners, serial_glass, glass_columns_a, glass_columns_a,
          glass_columns_a, glass_columns_b, glass_columns_a, glass_columns_a,
          feat_on_display, feat_on_display, item_on_display_a, serial_shops,
          shop, uniq_blork_the_orc, uniq_ijyb, uniq_grinder
D:6:      layout_loops_ring, lemuel_round_altar, minmay_temple_entry_ruins,
          ebering_ghost_disaster_area
D:7:      layout_basic, nicolae_overflow_quartered_altars
D:8:      layout_loops_ring, grunt_livestock, lemuel_altar_in_water, uniq_erica,
          uniq_psyche
Temple:   nicolae_temple_elliptical

Skill      XL: |  1  2  3  4  5  6  7  8  9 |
---------------+----------------------------+-----
Conjurations   | 2 3 4 5 6 8 10 12 | 12.5
Air Magic      | 5 6 7 8 9 |  9.9
Spellcasting   | 3 4 5 6 |  6.7
Dodging        | |  2.1
Stealth        | |  2.0

Action                   |  1- 3 |  4- 6 |  7- 9 | 10-12 || total
-------------------------+-------+-------+-------+-------++-------
Melee: Whip              |    17 |    59 |       |       ||    76
       Kick              |     7 |     8 |    19 |     1 ||    35
       Peck              |     1 |     4 |    11 |       ||    16
       Mace              |       |       |    50 |       ||    50
       Staff             |       |       |    30 |     4 ||    34
 Cast: Shock             |    52 |    73 |   237 |    23 ||   385
       Airstrike         |       |       |    12 |       ||    12
       Static Discharge  |       |       |     7 |     6 ||    13
 Abil: Fly               |       |     1 |       |       ||     1
  Use: Scroll            |     3 |    13 |     6 |       ||    22
       Potion            |       |     2 |       |       ||     2
 Stab: Sleeping          |     1 |       |     1 |       ||     2
  Eat: Chunk             |     2 |     8 |    11 |     1 ||    22
       Ration            |       |       |     2 |       ||     2
Armor: Robe              |     1 |    20 |    36 |       ||    57
Dodge: Dodged            |    24 |    52 |   138 |    13 ||   227

Table legend:
 A = Non-vault XP
 B = Vault XP
 C = Vault XP percentage of total XP
 D = Non-vault monster count
 E = Vault monster count
 F = Vault count percentage of total count
                 A         B        C        D         E       F
            +---------+---------+-------+---------+---------+-------
      Total |    3739 |    1166 |  23.8 |     147 |      20 |  12.0
            +---------+---------+-------+---------+---------+-------
        D:1 |      69 |       0 |   0.0 |      29 |       0 |   0.0
        D:2 |      22 |       0 |   0.0 |      10 |       0 |   0.0
        D:3 |      31 |     104 |  77.0 |      10 |      14 |  58.3
        D:4 |     252 |     205 |  44.9 |      11 |       2 |  15.4
        D:5 |     314 |     403 |  56.2 |       6 |       3 |  33.3
        D:6 |     887 |       0 |   0.0 |      24 |       0 |   0.0
        D:7 |    1172 |       0 |   0.0 |      23 |       0 |   0.0
        D:8 |     992 |     454 |  31.4 |      34 |       1 |   2.9
            +---------+---------+-------+---------+---------+-------
